AoeStats
← El Fantasma de Pancho Villa

Black Forest

508114511Analyzed
4v4 RM · 11d ago on Sep 20, 2026· 30m 33s· 8 players
Game mode
Random Map
Map size
Large (8 player)
Population
200
Speed
Normal
Resources
Standard
Victory
Conquest
Starting age
Dark Age
Ending age
Imperial Age
RankedLock teamsTeams togetherTeam positionsShared explorationLock speedFull tech treeHidden civsTurbo modeCheats
Victory
Defeat
🇲🇽 Persians · Mexico
1304
+13
🇲🇽 Romans · Mexico
1300
+13
🇲🇽 Bohemians · Mexico
1298
+13
🇧🇷 Franks · Brazil
1297
+13
🇺🇸 Britons · United States
1280
-15
🇲🇽 Italians · Mexico
1249
-14
🇲🇽 Byzantines · Mexico
1229
-13
🇺🇸 Cumans · United States
1152
-10
dog w sunglasses
1:31 Loom
11:51 Feudal Age
16:01 Castle Age
14:32 Double-Bit Axe
16:53 Bow Saw
18:54 Fletching
19:13 Crossbowman
21:29 Wheelbarrow
20:40 Town Watch
24:25 Gold Mining
24:21 Horse Collar
27:20 Hand Cart
29:16 Stone Mining
32:11 Imperial Age
[GMEX] | The_Spartako
0:54 Loom
12:09 Feudal Age
15:56 Castle Age
14:31 Double-Bit Axe
14:27 Horse Collar
24:41 Bow Saw
26:54 Wheelbarrow
27:47 Heavy Plow
27:42 Fletching
28:07 Gold Mining
29:31 Bodkin Arrow
El Fantasma de Pancho Villa
11:53 Loom
13:50 Feudal Age
14:54 Man-at-Arms
15:20 Arson
15:36 Double-Bit Axe
17:09 Scale Mail Armor
mnmoose
6:51 Loom
10:55 Feudal Age
14:51 Castle Age
12:48 Double-Bit Axe
13:17 Horse Collar
15:53 Bow Saw
23:17 Wheelbarrow
23:58 Stone Mining
28:41 Imperial Age
26:44 Hand Cart
26:49 Treadmill Crane
27:24 Scale Barding Armor
28:40 Chain Barding Armor
29:12 Stone Shaft Mining
28:31 Gold Mining
28:58 Heavy Plow
29:45 Conscription
29:47 Husbandry
31:25 Chemistry
30:15 Elite Cataphract
Ux'BorealTulip
0:37 Loom
13:02 Feudal Age
13:25 Feudal Age
15:09 Town Watch
17:50 Castle Age
15:37 Double-Bit Axe
19:00 Bow Saw
20:02 Fortified Wall
23:23 Masonry
23:54 Wheelbarrow
26:45 Hand Cart
27:25 Fletching
29:29 Bodkin Arrow
29:50 Fishing Lines
30:23 Stone Mining
31:09 Ballistics
30:51 Gillnets
Ringo
6:56 Loom
12:23 Feudal Age
16:02 Castle Age
14:02 Double-Bit Axe
16:35 Fishing Lines
19:48 Wheelbarrow
21:10 Bow Saw
21:35 Horse Collar
25:44 Hand Cart
25:37 Gold Mining
27:16 Heavy Plow
28:22 Gold Shaft Mining
30:56 Imperial Age
28:58 Scale Barding Armor
29:04 Forging
29:21 Bloodlines
29:15 Husbandry
30:33 Chain Barding Armor
TheFireKnight
11:25 Feudal Age
12:07 Double-Bit Axe
15:01 Castle Age
13:00 Horse Collar
16:03 Bow Saw
16:14 Heavy Plow
17:32 Fervor
17:15 Loom
21:08 Wheelbarrow
21:18 Sanctity
22:37 Hand Cart
27:07 Imperial Age
24:24 Town Watch
25:24 Wagenburg Tactics
26:57 Chemistry
27:25 Fletching
28:13 Bodkin Arrow
28:35 Masonry
30:10 Siege Engineers
caio_pantaneiro
0:25 Loom
13:05 Feudal Age
14:25 Double-Bit Axe
17:01 Castle Age
18:08 Fishing Lines
18:50 Bow Saw
20:17 Town Watch
25:22 Gillnets
25:28 Gold Mining
25:28 Stone Mining
27:34 Wheelbarrow
31:10 Imperial Age
28:58 Stone Mining
29:43 Gold Shaft Mining
29:53 Hand Cart
29:51 Fortified Wall
30:24 Husbandry
30:31 Scale Barding Armor
30:37 Forging
30:18 Fletching
Connection lost

Rejoining the realm…

Still unreachable

The connection could not be restored.

Session expired

The server has moved on; the page needs a fresh start.